 Dungeon Crawl Stone Soup version 0.29-a0-584-gb10a8bf730 (webtiles) character file.

Game seed: 13318899862957580914

126 Ourus the Grasshopper (level 5, -9/35 HPs)
             Began as an Octopode Warper on June 15, 2022.
             Killed by nerve-wracking pain
             ... invoked by a shadow imp
              (13 damage)
             ... on level 4 of the Dungeon.
             The game lasted 00:41:36 (2125 turns).

Ourus the Grasshopper (Octopode Warper)             Turns: 2125, Time: 00:41:36

Health: -9/35      AC:  1    Str: 12    XL:     5   Next: 9%
Magic:  8/8        EV: 13    Int: 16    God:
Gold:   70         SH:  0    Dex: 11    Spells: 2/8 levels left

rFire   . . .      SeeInvis .   a - +0 hand axe
rCold   . . .      Faith    .   (no shield)
rNeg    . . .      Spirit   .   (helmet restricted)
rPois   .          Reflect  .   (no amulet)
rElec   .          Harm     .   (no ring)
rCorr   .          Rampage  .   (no ring)
Will    .....                   (no ring)
Stlth   +++.......              (no ring)
HPRegen 0.11/turn               (no ring)
MPRegen 0.11/turn               (no ring)
                                (no ring)
                                (no ring)

@: no status effects
A: almost no armour, amphibious, 8 rings, camouflage 1, gelatinous body 1,
(nimble swimmer 1), tentacles
a: no special abilities


You were on level 4 of the Dungeon.
You visited 1 branch of the dungeon, and saw 4 of its levels.

You collected 70 gold pieces.

Inventory:

Hand Weapons
 a - a +0 hand axe (weapon)
 f - a +0 short sword
 k - a +0 mace
 m - a +0 whip
 p - a +0 hunting sling
 q - a +0 flail
Missiles
 j - 4 poisoned darts (quivered)
Armour
 e - a +0 leather armour
Scrolls
 b - a scroll of blinking
 h - a scroll of teleportation
 n - 3 scrolls of identify
 r - a scroll of magic mapping
Potions
 d - a potion of curing
 g - a potion of heal wounds
 i - a potion of might {unknown}
 l - a potion of brilliance {unknown}
 o - a potion of mutation {unknown}


   Skills:
 + Level 2.6 Fighting
 + Level 2.9 Axes
 + Level 1.4 Throwing
 + Level 3.1 Dodging
 + Level 2.7 Stealth
 + Level 2.2 Spellcasting
 + Level 3.3 Translocations


You had 2 spell levels left.
You knew the following spells:

 Your Spells              Type           Power      Damage    Failure   Level
a - Blink                 Tloc           24%        N/A       8%          2
b - Sandblast             Erth           2%         2d4       21%         1
c - Gell's Gravitas       Tloc           12%        N/A       16%         3

Your spell library contained the following spells:

 Spells                   Type           Power      Damage    Failure   Level
 Passwall                 Tmut/Erth      0%         N/A       30%         2
 Lesser Beckoning         Tloc           12%        N/A       16%         3
 Teleport Other           Tloc           12%        N/A       16%         3
 Stone Arrow              Conj/Erth      2%         3d7       52%         3
 Manifold Assault         Tloc           12%        N/A       80%         5
 Animate Dead             Necr           1%         N/A       90%         4
 Borgnjor's Vile Clutch   Necr/Erth      0%         N/A       99%         5
 Death Channel            Necr           0%         N/A       100%        6


Dungeon Overview and Level Annotations

Branches:
Dungeon (4/15)
 Temple: D:4-7

Altars:

Shops:
D:2 ?


Innate Abilities, Weirdness & Mutations

You cannot wear most types of armour.
You are amphibious.
You can wear up to eight rings at the same time.
Your skin changes colour to match your surroundings (Stealth+).
Your rubbery body absorbs attacks. (AC +1, EV +1)
((You are camouflaged when in or above water. (Stealth+)))
You have tentacles for arms and can constrict up to eight enemies at once.


Message History

Throw: boomerang (disperse)
Press: ? - help, Q - select action, (/) - cycle Shift-Dir - straight line, f - shadow imp
Aim: a shadow imp (heavily wounded, 52% to hit)
You throw a boomerang of dispersal.
The boomerang of dispersal hits the shadow imp but does no damage.
The shadow imp is heavily wounded.
The shadow imp misses you. The ball python closely misses you.
The ball python barely misses you. The shadow imp hits you.
Throw: 5 darts (poison)
Press: ? - help, Q - select action, (/) - cycle Shift-Dir - straight line, f/p - shadow imp
Aim: a shadow imp (heavily wounded, 52% to hit)
You throw a poisoned dart.
The poisoned dart barely misses the shadow imp.
The ball python closely misses you. The ball python grabs you.
The ball python constricts you. The shadow imp hits you.
* * * LOW HITPOINT WARNING * * *
The orc closely misses you.
You escape the ball python's grasp.
The ball python attacks as you move away!
The ball python bites you but does no damage.
The ball python barely misses you.
The shadow imp attacks as you move away!
The shadow imp misses you.
You hit the ball python but do no damage.
Your grab misses the ball python. Your squeeze misses the ball python.
The ball python is moderately wounded.
The ball python bites you.
* * * LOW HITPOINT WARNING * * *
The ball python barely misses you. The ball python closely misses you.
The ball python grabs you. The ball python constricts you.
* * * LOW HITPOINT WARNING * * *
You hit the ball python. You grab the ball python.
The ball python is severely wounded.
You hit the orc. You constrict the ball python.
You kill the ball python!
The orc hits you with a +0 club.
* * * LOW HITPOINT WARNING * * *
The shadow imp gestures at you. Pain shoots through your body!
You die...

....................#..#
....##....# #...........
.##..#....###..>....!..#
.#..#......#......##...#
........................
..........##......#.....
..............##.5#.#.##
..............#o†## # #
......>......##.@.#
....<...#...)##...###
........#..#).......#
........##.........##
..............###...#
...........##..##...#
##..........#...##.##
...........##...# ##
.#.#...#........#


You could see a shadow imp and an orc.

Vanquished Creatures
  A jelly (D:4)
  An orc priest (D:4)
  An iguana (D:4)
  A worm (D:2)
  2 orcs (D:4)
  5 ball pythons
  A bat (D:1)
  4 endoplasms
  A giant cockroach (D:1)
  2 goblins
  2 hobgoblins
  2 jackals (D:1)
  2 kobolds
  2 quokkas
  A frilled lizard (D:1)
  2 rats (D:1)
30 creatures vanquished.

Vanquished Creatures (collateral kills)
  2 goblins (D:4)
  A hobgoblin (D:4)
3 creatures vanquished.

Grand Total: 33 creatures vanquished

Notes
Turn   | Place    | Note
-------+----------+-------------------------------------------
     0 | D:1      | Ourus the Octopode Warper began the quest for the Orb.
     0 | D:1      | Reached XP level 1. HP: 14/14 MP: 3/3
    63 | D:1      | Reached XP level 2. HP: 10/19 MP: 5/5
    92 | D:1      | Learned a level 2 spell: Blink
  1373 | D:2      | Reached XP level 3. HP: 11/25 MP: 6/6
  1655 | D:2      | Learned a level 1 spell: Sandblast
  1697 | D:2      | Found Lih Fesi's Magic Scroll Boutique.
  1727 | D:4      | Reached skill level 1 in Stealth
  1748 | D:4      | Reached XP level 4. HP: 22/30 MP: 7/7
  2093 | D:4      | Reached XP level 5. HP: 35/35 MP: 8/8
  2100 | D:4      | Learned a level 3 spell: Gell's Gravitas
  2125 | D:4      | Killed from afar by a shadow imp

Illustrated notes

Levels and vault maps discovered:
D:1:      nzn_arrival_crosshair, layout_loops_ring
D:2:      layout_basic, serial_shops, shop_fountains,
          hellmonk_ecumenical_altar_defaced_shrine, minmay_lizard_king
D:3:      layout_loops_ring, serial_rivers, chequers_serial_rivers_room_b,
          chequers_serial_rivers_small_3, chequers_serial_rivers_marsh,
          chequers_serial_rivers_small_a, chequers_serial_rivers_room_a,
          chequers_serial_rivers_micro_a, dk_vineyard_1, minmay_liquid_box,
          chequers_serial_rivers_room_b, chequers_serial_rivers_large_b,
          uniq_ijyb
D:4:      kennysheep_slugbush, layout_cave_pools, portal_sewer_entry_d,
          guppyfry_shop_venom, uniq_crazy_yiuf_cottage

Skill      XL: |  1  2  3  4 |
---------------+-------------+-----
Dodging        | 3 |  3.1
Stealth        | 1 2 |  2.7
Fighting       | |  2.6
Axes           | |  2.9
Throwing       | |  1.4
Spellcasting   | |  2.2
Translocations | |  3.3

Action                   |  1- 3 |  4- 6 || total
-------------------------+-------+-------++-------
Melee: Hand axe          |    45 |    18 ||    63
       Tentacles         |    15 |     3 ||    18
       Constrict         |     7 |     5 ||    12
       Punch             |       |     1 ||     1
Throw: Boomerang         |     5 |     2 ||     7
       Dart              |       |     1 ||     1
 Cast: Blink             |     1 |       ||     1
  Use: Scroll            |     6 |       ||     6
       Potion            |     2 |       ||     2
 Stab: Sleeping          |     6 |       ||     6
Armor: Skin              |     3 |     2 ||     5
Dodge: Dodged            |    33 |    17 ||    50

Table legend: (Time is in decaauts)
 A = Elapsed time spent in this place.
 B = Non-inter-level travel time spent in this place.
 C = Inter-level travel time spent in this place.
 D = Time resting spent in this place.
 E = Time spent auto-exploring this place.
 F = Levels seen in this place.
 G = Mean time per level.
                   A        B        C        D        E       F      G
               +--------+--------+--------+--------+--------+-----+--------+
         Total |   2137 |   2014 |    123 |    962 |    459 |   4 |  534.2 |
       Dungeon |   2137 |   2014 |    123 |    962 |    459 |   4 |  534.2 |
               +--------+--------+--------+--------+--------+-----+--------+

Top non-repeatable levels by time:
     D:1: 1301 daAuts
     D:4: 411 daAuts
     D:2: 406 daAuts
     D:3: 18 daAuts
